 Dungeon Crawl Stone Soup version 0.22-a0-362-g535178c (webtiles) character file.

312 Amnesiac the Grave Robber (level 6, -1/41 HPs)
             Began as a Mummy Necromancer on Apr 20, 2018.
             Killed from afar by an orc wizard (4 damage)
             ... with a puff of frost
             ... on level 4 of the Dungeon.
             The game lasted 00:03:14 (1705 turns).

Amnesiac the Grave Robber (Mummy Necromancer)       Turns: 1705, Time: 00:03:15

Health: -1/41      AC:  2    Str: 12    XL:     6   Next: 18%
Magic:  6/14       EV: 12    Int: 16    God:
Gold:   58         SH:  0    Dex: 12    Spells: 12/16 levels left

rFire    x . .     SeeInvis .   c - +0 falchion
rCold    + . .     Gourm    .   (no shield)
rNeg     + + +     Faith    .   a - +0 robe
rPois    ∞         Spirit   .   (no helmet)
rElec    .         Reflect  .   (no cloak)
rCorr    .         Harm     .   (no gloves)
MR       .....                  (no boots)
Stlth    ++........             (no amulet)
HPRegen  0.13/turn              h - +3 ring of slaying
MPRegen  0.14/turn              (no ring)

@: no status effects
A: no food or potions, fire vulnerability, cold resistance 1, negative energy
resistance 3, torment resistance, unbreathing
a: no special abilities


You were on level 4 of the Dungeon.
You were not hungry.

You visited 1 branch of the dungeon, and saw 5 of its levels.

You collected 58 gold pieces.

Inventory:

Hand Weapons
 c - a +0 falchion (weapon)
Armour
 a - a +0 robe (worn)
 e - a +0 shield
Jewellery
 h - a +3 ring of slaying (left hand)
Scrolls
 b - 4 scrolls of identify {!r}
 g - 2 scrolls of remove curse {!r}


   Skills:
 - Level 1.5 Dodging
 - Level 1.5 Stealth
 + Level 5.9 Spellcasting
 - Level 6.0 Necromancy


You had 12 spell levels left.
You knew the following spells:

 Your Spells              Type           Power        Failure   Level  Hunger
a - Pain                  Necr           ###.         1%          1    N/A
d - Vampiric Draining     Necr           ###.......   3%          3    N/A

Dungeon Overview and Level Annotations

Branches:
Dungeon (5/15)
 Temple: D:4-7

Altars:
Ashenzari

Annotations:
D:5 Eustachio


Innate Abilities, Weirdness & Mutations

You do not eat or drink.
Your flesh is vulnerable to fire.
You are immune to poison.
Your flesh is cold resistant. (rC+)
You are immune to negative energy. (rN+++)
You are immune to unholy pain and torment.
You can survive without breathing.


Message History

You destroy the bullfrog skeleton!
You have reached level 6!
Your experience leads to an increase in your attributes!
Increase (S)trength, (I)ntelligence, or (D)exterity?
You feel clever. Something hits you. The orc priest hits you with a dagger.
Something hits you.
* * * LOW HITPOINT WARNING * * *
The orc priest hits you with a dagger.
* * * LOW HITPOINT WARNING * * *
Casting: Pain (safe; 1% risk of failure)
Confirm with . or Enter, or press ? or * to list all spells.
Aiming: Vampiric Draining (safe; 3% risk of failure)
Press: ? - help, Shift-Dir - straight line, f - orc priest
Aim: an orc priest, wielding a dagger and wearing a ring mail The orc priest is heavily wounded.
You feel life coursing into your body. Something hits you but does no damage.
The orc priest hits you with a dagger.
* * * LOW HITPOINT WARNING * * *
An orc wizard comes into view. It is wielding a dagger of draining.
Casting: Vampiric Draining (safe; 3% risk of failure)
Confirm with . or Enter, or press ? or * to list all spells.
Aiming: Vampiric Draining (safe; 3% risk of failure)
Press: ? - help, Shift-Dir - straight line, f/p - orc priest
Aim: an orc priest, wielding a dagger and wearing a ring mail (heavily wounded)
The orc priest is severely wounded.
You feel life coursing into your body.
The orc wizard shouts!
Something completely misses you. The orc priest closely misses you.
Casting: Vampiric Draining (safe; 3% risk of failure)
Confirm with . or Enter, or press ? or * to list all spells.
Aiming: Vampiric Draining (safe; 3% risk of failure)
Press: ? - help, Shift-Dir - straight line, f/p - orc priest
Aim: an orc priest, wielding a dagger and wearing a ring mail (severely wounded)
You kill the orc priest!
Training target 6.0 for Necromancy reached!
Your Necromancy skill increases to level 6!
You feel life coursing into your body.
You hear some strange, mumbled words.
Casting: Vampiric Draining (safe; 3% risk of failure)
Confirm with . or Enter, or press ? or * to list all spells.
You can't see any susceptible monsters within range! (Use Z to cast anyway.)
You hear some strange, mumbled words.
A puff of flame appears from out of thin air!
The puff of flame misses you.
You hear some strange, mumbled words.
A puff of frost appears from out of thin air!
The puff of frost hits you! You resist.
* * * LOW HITPOINT WARNING * * *
The orc wizard gestures at you while chanting.
The puff of flame hits you! The fire burns you terribly!
* * * LOW HITPOINT WARNING * * *
The orc wizard gestures at you while chanting.
The magic dart hits you!
* * * LOW HITPOINT WARNING * * *
The orc wizard mumbles some strange words.
The orc wizard seems to speed up.
There is an open door here.
Okay, then.
The orc wizard points at you and mumbles some strange words.
The puff of flame misses you.
You hear some strange, mumbled words.
A puff of frost appears from out of thin air!
The puff of frost hits you! You resist.
You die...

########
####......################# ..
.........'@.............># ...
#.#..o...##.####........###
..##.#..o...##.#..'...........
#........####'#.##........###
#...............##........#
#...............##........#
#...).##........##..).....#
#.....##........##........#
#.....##........###########


You could see 2 orc wizards.

Vanquished Creatures
  A scorpion (D:4)
  A bullfrog skeleton (D:4)
  2 orc priests
  Terence (D:2)
  Natasha (twice) (D:3)
  A worker ant (D:4)
  3 gnolls (D:3)
  2 adders
  A leopard gecko (D:5)
  An orc (D:4)
  3 giant cockroaches
  4 hobgoblins
  6 jackals
  A kobold (D:3)
  2 quokkas
  A frilled lizard (D:2)
  A goblin (D:2)
  2 rats
35 creatures vanquished.

Notes
Turn   | Place    | Note
-------+----------+-------------------------------------------
     0 | D:1      | Amnesiac the Mummy Necromancer began the quest for the Orb.
     0 | D:1      | Reached XP level 1. HP: 13/13 MP: 4/4
   238 | D:1      | Reached XP level 2. HP: 19/19 MP: 4/6
   563 | D:2      | Noticed Terence
   577 | D:2      | Killed Terence
   577 | D:2      | Reached XP level 3. HP: 24/24 MP: 0/8
   582 | D:2      | Learned a level 3 spell: Vampiric Draining
   742 | D:3      | Noticed Natasha
   749 | D:3      | Killed Natasha
   749 | D:3      | Reached XP level 4. HP: 20/30 MP: 3/10
   811 | D:3      | Noticed Natasha
   814 | D:3      | Killed Natasha
   814 | D:3      | Reached skill level 5 in Necromancy
  1020 | D:3      | You fall through a shaft for 2 floors!
  1020 | D:5      | Entered Level 5 of the Dungeon
  1073 | D:5      | Reached XP level 5. HP: 30/35 MP: 7/12
  1173 | D:4      | Reached skill level 5 in Spellcasting
  1260 | D:4      | Noticed a necrophage
  1318 | D:5      | Noticed Eustachio
  1318 | D:5      | Noticed an ogre
  1318 | D:5      | Noticed a phantom
  1342 | D:4      | Found a shattered altar of Ashenzari.
  1695 | D:4      | Reached XP level 6. HP: 23/41 MP: 14/14
  1698 | D:4      | Reached skill level 6 in Necromancy
  1705 | D:4      | Killed from afar by an orc wizard

Vault maps used:
D:1:      minmay_arrival_diagonal_passages, hangedman_decor_clover_reticule,
          minivault_26, minmay_misc_feat_more_columns
D:2:      wad_floor_pattern_untrapped, fedhas_altar_3, uniq_crazy_yiuf_cottage,
          uniq_terence
D:3:      uniq_robin, uniq_natasha
D:4:      ashenzari_conservatory_becter, lightli_corner_chamber
D:5:      first_ration, minmay_door_square, minivault_26, uniq_pikel,
          uniq_sigmund, uniq_eustachio

Skill      XL: |  1  2  3  4  5  6 |
---------------+-------------------+-----
Spellcasting   | 3 4 5 |  5.9
Necromancy     | 5 6 |  6.0
Dodging        | |  1.5
Stealth        | |  1.5

Action                   |  1- 3 |  4- 6 || total
-------------------------+-------+-------++-------
Melee: Unarmed           |     7 |       ||     7
       Falchion          |       |     9 ||     9
 Cast: Pain              |    47 |    53 ||   100
       Vampiric Draining |       |     6 ||     6
  Use: Scroll            |       |     5 ||     5
Armor: Robe              |       |     5 ||     5
Dodge: Dodged            |    11 |    19 ||    30
       Rpst.: Falchion   |       |     5 ||     5

Table legend:
 A = Spawn XP
 B = Non-spawn XP
 C = Spawn XP percentage of total XP
 D = Spawn monster count
 E = Non-spawn monster count
 F = Spawn count percentage of total count
 G = Total turns spent on level
                    A         B        C        D         E        F      G
               +---------+---------+-------+---------+---------+-------+---------
         Total |       0 |     446 |   0.0 |       0 |      35 |   0.0 |  1705
               +---------+---------+-------+---------+---------+-------+---------
           D:1 |       0 |       7 |   0.0 |       0 |       4 |   0.0 |   207
           D:2 |       0 |      57 |   0.0 |       0 |      13 |   0.0 |   478
           D:3 |       0 |     129 |   0.0 |       0 |       7 |   0.0 |   337
           D:4 |       0 |     209 |   0.0 |       0 |       9 |   0.0 |   593
           D:5 |       0 |      44 |   0.0 |       0 |       2 |   0.0 |    90
               +---------+---------+-------+---------+---------+-------+---------
